 Dungeon Crawl Stone Soup version 0.21-a0-127-g329daca (webtiles) character file.

96 Kythnos the Vexing (level 4, 0/31 HPs)
             Began as a Spriggan Enchanter on July 16, 2017.
             Slain by a bullfrog (1 damage)
             ... on level 3 of the Dungeon.
             The game lasted 00:11:45 (3489 turns).

Kythnos the Vexing (Spriggan Enchanter)             Turns: 3489, Time: 00:11:45

Health: 0/31       AC: -1    Str:  9    XL:     4   Next: 41%
Magic:  11/11      EV: 18    Int: 22    God:
Gold:   114        SH:  0    Dex: 16    Spells: 3/12 levels left

rFire    + . .     SeeInvis +   a - +1 dagger
rCold    + . .     Gourm    .   (shield restricted)
rNeg     . . .     Faith    .   b - +0 robe
rPois    .         Spirit   .   (helmet restricted)
rElec    .         Reflect  .   f - scarf {rC+ rF+}
rCorr    .         Harm     .   (gloves unavailable)
MR       .....                  (boots unavailable)
Stlth    ..........             e - amulet of rage
HPRegen  0.10/turn              h - -3 ring of protection (curse)
MPRegen  0.12/turn              (no ring)

@: brilliant, berserking, very quick
A: unfitting armour, see invisible, herbivore 3, speed 3, slow metabolism 2
a: Evoke Berserk Rage


You were on level 3 of the Dungeon.
You were not hungry.

You visited 1 branch of the dungeon, and saw 4 of its levels.

You collected 114 gold pieces.

Inventory:

Hand Weapons
 a - a +1 dagger (weapon)
Armour
 b - a +0 robe (worn)
 f - a scarf of resistance (worn)
 n - +0 gold dragon scales
Jewellery
 e - an amulet of rage (around neck)
 h - a cursed -3 ring of protection (left hand)
Scrolls
 m - 4 scrolls of recharging
Potions
 g - a potion of mutation
 o - a potion of brilliance
Books
 c - a book of Maledictions

   Spells                             Type                      Level
   a - Corona                         Hexes                        1
   b - Ensorcelled Hibernation        Hexes/Ice                    2
   c - Confuse                        Hexes                        3
   d - Tukima's Dance                 Hexes                        3
   e - Dazzling Spray                 Conjuration/Hexes            3
Comestibles
 d - 2 bread rations
 l - 2 royal jellies


   Skills:
 - Level 1.1 Short Blades
 - Level 3.0 Dodging
 - Level 4.4 Stealth
 + Level 4.7 Spellcasting
 + Level 4.9 Hexes


You had 3 spell levels left.
You knew the following spells:

 Your Spells              Type           Power        Failure   Level  Hunger
a - Ensorcelled Hibernat  Hex/Ice        ####..       1%          2    None
b - Corona                Hex            #####..      1%          1    None
c - Confuse               Hex            #####...     1%          3    ##.....
d - Tukima's Dance        Hex            #####...     1%          3    ##.....


Dungeon Overview and Level Annotations

Branches:
Dungeon (4/15)
 Temple: D:4-7

Altars:

Annotations:
D:2 Robin
D:3 ciphuk's ghost, novice KoHu


Innate Abilities, Weirdness & Mutations

You are very small and have problems with some larger weapons.
You are too small for most types of armour.
You have supernaturally acute eyesight. (SInv)
You are a herbivore.
You cover ground extremely quickly.
You need consume almost no food.


Message History

Unknown command.
It was a potion of curing.
You feel better. The bullfrog hits you! The orc completely misses you.
A leopard gecko comes into view.
It was a potion of brilliance.
You feel clever all of a sudden. The bullfrog misses you.
The leopard gecko moves out of view.
The bullfrog hits you.
* * * LOW HITPOINT WARNING * * *
A red film seems to cover your vision as you go berserk!
You feel yourself moving faster!
You feel mighty!
You feel a lot more hungry. The bullfrog misses you.
The orc hits you with a mace!
* * * LOW HITPOINT WARNING * * *
You closely miss the orc.
The orc is moderately wounded.
The bullfrog closely misses you. The orc closely misses you.
You closely miss the orc.
The orc is moderately wounded.
The bullfrog hits you.
You die... ... ##### sw.

....######
#s#
###o.....#
#l#
######.##
#l# #.o##
#g# ##..#
#o# ##o#
#@# #(#
###F#
#.###.oo#
#.#.)>###
#...###
##..#
##....
#.###.#
..#


You could see a bullfrog, an orc wizard (invisible), a dart slug, 2 orcs, 2
leopard geckos, 2 giant cockroaches and a goblin.

Vanquished Creatures
  2 adders (D:2)
  2 oozes
  A worm (D:2)
  3 leopard geckos
  2 orcs
  2 giant cockroaches
  12 hobgoblins
  4 jackals
  5 bats (D:1)
  5 frilled lizards
  9 goblins
  5 kobolds
  7 rats
59 creatures vanquished.

Notes
Turn   | Place    | Note
-------+----------+-------------------------------------------
     0 | D:1      | Kythnos the Spriggan Enchanter began the quest for the Orb.
     0 | D:1      | Reached XP level 1. HP: 9/9 MP: 5/5
   308 | D:1      | Reached XP level 2. HP: 9/13 MP: 5/7
   316 | D:1      | Learned a level 2 spell: Ensorcelled Hibernation
  1152 | D:1      | Reached XP level 3. HP: 16/16 MP: 3/9
  1157 | D:1      | Learned a level 3 spell: Confuse
  1161 | D:1      | Learned a level 3 spell: Tukima's Dance
  2648 | D:2      | Reached XP level 4. HP: 21/21 MP: 7/11
  3387 | D:2      | Noticed Robin
  3431 | D:3      | Noticed ciphuk's ghost (novice KoHu)
  3473 | D:3      | Noticed a bullfrog
  3487 | D:3      | HP: 1/31 [orc/mace (8)]
  3489 | D:3      | Slain by a bullfrog

Vault maps used:
D:1:      dpeg_arrival_rooms_c, minmay_cupped
D:2:      uniq_robin
D:3:      portal_sewer_entry_f
D:4:      kennysheep_the_goblin_king, serial_shops, kennysheep_mini,
          uniq_natasha, uniq_duvessa, uniq_grinder

Skill      XL: |  1  2  3 |
---------------+----------+-----
Spellcasting   | 3 4 |  4.7
Hexes          | 4 |  4.9
Short Blades   | |  1.1
Dodging        | |  3.0
Stealth        | |  4.4

Action                   |  1- 3 |  4- 6 || total
-------------------------+-------+-------++-------
Melee: Dagger            |    86 |    58 ||   144
 Cast: Corona            |     7 |     3 ||    10
       Ensorcelled Hiber |    31 |    22 ||    53
       Confuse           |     2 |     2 ||     4
 Abil: Evoke Berserk Rag |       |     1 ||     1
  Use: Scroll            |     4 |     1 ||     5
       Potion            |       |     5 ||     5
 Stab: Sleeping          |    26 |    15 ||    41
       Confused          |     1 |       ||     1
  Eat: Bread ration      |     1 |       ||     1
Armor: Robe              |     7 |       ||     7
Dodge: Dodged            |    84 |    85 ||   169
